 Dungeon Crawl Stone Soup version 0.27-a0-1144-g0b7d3b79db (webtiles) character file.

Game seed: 4141784365612074433

3248 night the Covert (level 10, -3/66 HPs)
             Began as a Kobold Berserker on May 10, 2021.
             Was an Elder of Trog.
             Killed from afar by a steam dragon (22 damage)
             ... with a ball of steam
             ... on level 8 of the Dungeon.
             The game lasted 00:17:15 (9220 turns).

night the Covert (Kobold Berserker)                 Turns: 9220, Time: 00:17:15

Health: -3/66      AC: 14    Str: 18    XL:     10   Next: 19%
Magic:  10/10      EV: 14    Int:  9    God:    Trog [****..]
Gold:   398        SH:  0    Dex: 16    Spells: 9/9 levels left

rFire    . . .     SeeInvis .   a - +4 dagger
rCold    . . .     Faith    .   (shield restricted)
rNeg     + . .     Spirit   .   g - +0 acid dragon scales
rPois    .         Reflect  .   u - +2 helmet
rElec    .         Harm     .   q - +0 cloak
rCorr    +         Rampage  .   (no gloves)
Will     .....                  i - +1 pair of boots
Stlth    +++++.....             (no amulet)
HPRegen  0.21/turn              k - ring of positive energy
MPRegen  0.12/turn              (no ring)

@: on berserk cooldown
A: small, no large weapons, nightstalker 3, iridescent scales 1, agile 1
a: Renounce Religion, Berserk, Trog's Hand, Brothers in Arms


You were on level 8 of the Dungeon.
You worshipped Trog.
Trog was greatly pleased with you.
You visited 1 branch of the dungeon, and saw 9 of its levels.

You collected 398 gold pieces.

Inventory:

Hand Weapons
 a - a +4 dagger (weapon)
 h - a +0 rapier
 l - a +3 dagger of distortion
 n - a +1 mace of holy wrath
 s - a +0 falchion
 D - a +0 short sword
Missiles
 e - 34 poisoned darts (quivered)
 f - 153 stones
 m - 100 bolts
 o - 10 boomerangs
 p - 29 sling bullets
Armour
 b - a +0 animal skin
 c - a +0 ring mail
 g - +0 acid dragon scales (worn)
 i - a +1 pair of boots (worn)
 q - a +0 cloak (worn)
 u - a +2 helmet (worn)
Jewellery
 k - a ring of positive energy (left hand)
 v - a ring of magical power
Wands
 C - a wand of polymorph (8)
Scrolls
 w - 2 scrolls of identify
 y - 2 scrolls of holy word
 z - 2 scrolls of acquirement {unknown}
 A - a scroll of vulnerability {unknown}
Potions
 d - a potion of curing
 j - 2 potions of brilliance {unknown}
 r - a potion of might {unknown}
 t - 2 potions of haste
 x - a potion of lignification {unknown}
 B - a potion of heal wounds


   Skills:
 + Level 9.3 Fighting
 - Level 10.5(10.7) Short Blades
 + Level 1.5(4.5) Long Blades
 - Level 1.5 Armour
 - Level 2.4 Dodging
 + Level 11.0 Stealth


You had 9 spell levels left.
You didn't know any spells.
Your spell library contained the following spells:

 Spells                   Type           Power      Damage    Failure   Level
 Beastly Appendage        Tmut           0%         N/A       47%         1
 Wereblood                Tmut           0%         N/A       63%         2
 Spider Form              Tmut/Pois      0%         N/A       85%         3
 Ice Form                 Ice/Tmut       0%         N/A       99%         4
 Hydra Form               Tmut           0%         N/A       100%        5


Dungeon Overview and Level Annotations

Branches:
Dungeon (9/15)             Temple (0/1) D:5
   Lair: D:8-11         Orc: D:9-12

Altars:
Ashenzari
Cheibriados
Dithmenos
Fedhas
Gozag
Hepliaklqana
Ru
Uskayaw
Vehumet
Zin

Shops:
D:5 !:==   D:6 [


Innate Abilities, Weirdness & Mutations

You are small and have problems with some larger weapons.
You are completely attuned to the shadows.
You are partially covered in iridescent scales. (AC +2)
You are agile. (Dex +2)


Message History

You hear a bellow!
You hear a shout!
The steam dragon breathes steam at you. The ball of steam hits you!
* * * LOW HITPOINT WARNING * * *
You hear a bellow!
You hear an angry hiss.
You hear a shout!
The steam dragon breathes steam at you. The ball of steam misses you.
You hear a bellow!
You see here a +0 short sword.
The steam dragon closely misses you. x2
Aiming: Polymorph
Press: ? - help, Shift-Dir - straight line, f - steam dragon
Aim: a steam dragon (steam, heavily wounded, will become a swamp drake, a wyvern, or a tengu, chance to affect: 46%)
Okay, then.
You closely miss the steam dragon.
The steam dragon is heavily wounded.
Your skin stops crawling.
You feel less strong-willed. The steam dragon closely misses you.
The steam dragon claws you but does no damage.
You hit the steam dragon.
The steam dragon is severely wounded.
You hit the steam dragon.
The steam dragon is severely wounded.
The steam dragon breathes steam at you. The ball of steam hits you.
* * * LOW HITPOINT WARNING * * *
A yak comes into view.
The yak bellows!
You hit the steam dragon.
The steam dragon is almost dead.
You are engulfed in a cloud of scalding steam.
The steam dragon misses you.
The steam dragon claws you but does no damage.
The steam dragon closely misses you. The steam dragon misses you.
You see here a +0 short sword.
You feel yourself speed up. The steam dragon completely misses you.
The steam dragon misses you. The steam dragon breathes steam at you.
The ball of steam hits you!!
You die...

#...##))#
......##...###.#
#.....##...# #.#
#.....##...# #.## #
#.....##...###..#.#
###.....#......##.#.#
....)).##......##...#.
...§)D.##.............
...Y§)@##.............
...§##)...............
..§. #)))..........>..
§... #................
.§.)..........
.........


You could see a yak and a steam dragon (catching breath).

Vanquished Creatures
  The ghost of semitonal the Reanimator, a novice DsNe (D:6)
  A wyvern (D:8)
  An acid dragon (D:7)
  3 water moccasins
  4 sky beasts
  2 ogres
  A centaur (D:6)
  3 kobold brigands
  3 bullfrogs
  A gnoll sergeant (D:5)
  2 scorpions
  2 water moccasin zombies (D:5)
  A wyvern skeleton (D:7)
  A water moccasin skeleton (D:4)
  3 wights (D:7)
  A howler monkey (D:5)
  A hound (D:3)
  2 orc priests
  Crazy Yiuf (D:3)
  A bullfrog skeleton (D:5)
  Terence (D:2)
  2 iguanas
  10 orc wizards
  Robin (D:4)
  5 gnolls
  A howler monkey skeleton (D:6)
  8 adders
  A white imp (D:8)
  An ufetubus (D:5)
  An adder skeleton (D:4)
  2 worms (D:2)
  2 dart slugs
  23 orcs
  6 endoplasms
  A giant cockroach (D:1)
  11 goblins
  13 hobgoblins
  7 jackals
  3 quokkas
  2 ball pythons
  4 frilled lizards
  14 kobolds
  4 rats
158 creatures vanquished.

Vanquished Creatures (others)
  5 kobolds (D:8)
  2 fungi (D:8)
  4 plants (D:8)
11 creatures vanquished.

Grand Total: 169 creatures vanquished

Notes
Turn   | Place    | Note
-------+----------+-------------------------------------------
     0 | D:1      | night the Kobold Berserker began the quest for the Orb.
     0 | D:1      | Reached XP level 1. HP: 14/14 MP: 1/1
    85 | D:1      | Reached skill level 1 in Stealth
    85 | D:1      | Reached XP level 2. HP: 19/19 MP: 2/2
   601 | D:1      | Reached XP level 3. HP: 24/24 MP: 3/3
   715 | D:1      | Reached skill level 2 in Stealth
  1588 | D:2      | Reached XP level 4. HP: 29/29 MP: 4/4
  1643 | D:2      | Noticed Terence
  1649 | D:2      | Killed Terence
  1650 | D:2      | Reached skill level 5 in Short Blades
  1650 | D:2      | Reached skill level 3 in Stealth
  2048 | D:2      | Reached XP level 5. HP: 33/33 MP: 5/5
  2525 | D:3      | Reached skill level 4 in Stealth
  2691 | D:3      | Reached ** piety under Trog
  2948 | D:3      | Reached XP level 6. HP: 18/40 MP: 6/6
  3392 | D:3      | Reached skill level 5 in Fighting
  3613 | D:3      | Found a snail-covered altar of Cheibriados.
  3684 | D:3      | Found a runed translucent door.
  3687 | D:3      | Noticed Crazy Yiuf
  3698 | D:3      | Killed Crazy Yiuf
  4378 | D:4      | Reached skill level 5 in Stealth
  4501 | D:4      | Reached XP level 7. HP: 44/44 MP: 7/7
  4567 | D:4      | Noticed Robin
  4599 | D:4      | Killed Robin
  4808 | D:4      | Found a hide-covered altar of Uskayaw.
  5329 | D:5      | Entered Level 5 of the Dungeon
  5329 | D:5      | Found Wenomuse's Jewellery Boutique.
  5331 | D:5      | Found Fukh's Jewellery Emporium.
  5427 | D:5      | Reached skill level 6 in Stealth
  5492 | D:5      | Found a staircase to the Ecumenical Temple.
  5769 | D:5      | Reached XP level 8. HP: 37/51 MP: 8/8
  5885 | D:5      | Found a sacrificial altar of Ru.
  5940 | D:5      | Found Dairaank's Book Shop.
  5985 | D:5      | Found Acoy's Distillery.
  6000 | D:5      | Reached *** piety under Trog
  6055 | D:5      | Reached skill level 7 in Stealth
  6129 | D:5      | Found a shadowy altar of Dithmenos.
  6505 | D:6      | Found a runed translucent door.
  6645 | D:6      | Noticed semitonal's ghost (novice DsNe)
  6692 | D:6      | Gained mutation: You are partially covered in iridescent
                  | scales. (AC +2) [potion of mutation]
  6692 | D:6      | Gained mutation: You are agile. (Dex +2) [potion of
                  | mutation]
  6701 | D:6      | HP: 6/53 [semitonal's ghost/vampiric draining (7)]
  6711 | D:6      | Killed semitonal's ghost
  6712 | D:6      | Reached skill level 8 in Stealth
  6712 | D:6      | Reached XP level 9. HP: 31/57 MP: 9/9
  6985 | D:6      | Reached skill level 9 in Stealth
  6995 | D:6      | Found an opulent altar of Gozag.
  7417 | D:6      | Found Nack's Armour Shop.
  7877 | D:7      | Found a glowing silver altar of Zin.
  7907 | D:7      | Found a blossoming altar of Fedhas.
  8052 | D:7      | Found a radiant altar of Vehumet.
  8075 | D:7      | Reached skill level 10 in Short Blades
  8093 | D:7      | You fall into a shaft and drop 2 floors!
  8098 | D:9      | Reached skill level 10 in Stealth
  8191 | D:9      | Found a broken altar of Ashenzari.
  8383 | D:7      | Reached **** piety under Trog
  8452 | D:7      | Reached XP level 10. HP: 65/65 MP: 10/10
  8664 | D:7      | Found a hazy altar of Hepliaklqana.
  9043 | D:8      | Reached skill level 1 in Long Blades
  9196 | D:8      | Reached skill level 11 in Stealth
  9220 | D:8      | Killed from afar by a steam dragon

Illustrated notes

Levels and vault maps discovered:
D:1:      dpeg_chamrin_arrival_tetris, layout_basic, st_stairs_6
D:2:      layout_loops_ring, uniq_terence
D:3:      layout_basic, lemuel_coloured_pillars_altar, uniq_crazy_yiuf_cottage
D:4:      layout_basic, nicolae_uskayaw_murder_on_the_dancefloor, uniq_robin
D:5:      layout_rooms, kennysheep_mini_moat, amcnicky_altar_gilded,
          minmay_temple_entry_hall, serial_rivers,
          chequers_serial_rivers_micro_d, chequers_serial_rivers_micro_b,
          chequers_serial_rivers_micro_b, chequers_serial_rivers_room_a,
          serial_shops, shop_statue, nicolae_shop_statue_plus,
          nicolae_shop_behind_doors, shop_statue
D:6:      layout_rooms, overflow_temple_1_default, ebering_ghost_sewer_d,
          serial_shops, shop, lemuel_flamethrower_2
D:7:      layout_cave_pools, overflow_temple_1_default, vehumet_crystals,
          zin_statuary, fedhas_altar_4
D:8:      layout_basic, kiku_gazebo_pond_becter, grunt_lair_entry_orc_guard_hut,
          gammafunk_ghost_nasty_kobolds, kennysheep_generic_room_5
D:9:      layout_roguey, nicolae_ashenzari_skybound,
          chequers_serial_rivers_large_b, nrook_uturn

Skill      XL: |  1  2  3  4  5  6  7  8  9 10 |
---------------+-------------------------------+-----
Stealth        | 1 2 3 4 5 6 8 10 11 | 11.0
Fighting       | 4 5 6 7 8 9 |  9.3
Short Blades   | 5 6 7 9 10 | 10.5
Long Blades    | 1 |  1.5
Armour         | |  1.5
Dodging        | |  2.4

Action                   |  1- 3 |  4- 6 |  7- 9 | 10-12 || total
-------------------------+-------+-------+-------+-------++-------
Melee: Short sword       |    81 |   156 |   308 |     4 ||   549
       Dagger            |       |       |       |   115 ||   115
Throw: Dart              |       |       |     5 |       ||     5
Invok: Berserk           |     5 |     9 |    12 |     2 ||    28
       Trog's Hand       |       |       |       |     1 ||     1
  Use: Scroll            |     2 |     2 |     7 |       ||    11
       Potion            |       |       |     8 |       ||     8
 Stab: Sleeping          |     2 |    10 |    18 |     4 ||    34
       Distracted        |       |     2 |     1 |       ||     3
Armor: Ring mail         |    13 |    32 |    63 |       ||   108
       Acid dragon scale |       |       |     9 |    74 ||    83
Dodge: Dodged            |    46 |    68 |   131 |   100 ||   345

Table legend: (Time is in decaauts)
 A = Elapsed time spent in this place.
 B = Non-inter-level travel time spent in this place.
 C = Inter-level travel time spent in this place.
 D = Time resting spent in this place.
 E = Time spent auto-exploring this place.
 F = Levels seen in this place.
 G = Mean time per level.
                   A        B        C        D        E       F      G
               +--------+--------+--------+--------+--------+-----+--------+
         Total |   9317 |   9140 |    177 |   1948 |   5922 |   9 | 1035.2 |
       Dungeon |   9317 |   9140 |    177 |   1948 |   5922 |   9 | 1035.2 |
               +--------+--------+--------+--------+--------+-----+--------+

Top non-repeatable levels by time:
     D:3: 1763 daAuts
     D:1: 1320 daAuts
     D:6: 1289 daAuts
     D:5: 1275 daAuts
     D:2: 1248 daAuts
     D:4: 1091 daAuts
     D:7: 991 daAuts
     D:8: 220 daAuts
     D:9: 116 daAuts
